 Seeded DCSS version 0.31-a0-4-gefa6de2278 (webtiles) character file.

Game seed: 2122283489254455534 (custom seed)

177 Pimp the Shield-Bearer (level 5, -2/43 HPs)
             Began as a Formicid Fighter on May 4, 2023.
             Splashed by a jelly's acid (8 damage)
             ... on level 4 of the Dungeon.
             The game lasted 00:04:05 (1822 turns).

Pimp the Shield-Bearer (Formicid Fighter)           Turns: 1822, Time: 00:04:06

Health: -2/43      AC: 20    Str: 29    XL:     5   Next: 87%
Magic:  5/5        EV:  5    Int:  8    God:
Gold:   227        SH:  5    Dex: 13    Spells: 4/4 levels left

rFire   . . .        a - +0 war axe
rCold   . . .        c - +0 buckler
rNeg    + . .        u - +7 crystal plate armour "Ipade" {*Slow rPois rN+ Str+7}
rPois   +            (helmet unavailable)
rElec   .            (no cloak)
rCorr   .            (no gloves)
SInv    +            j - +0 pair of boots
Will    .....        l - amulet of regeneration Stlth
                     (no ring)
HPRegen 1.07/turn    (no ring)
MPRegen 0.09/turn

%: slow self (1%)
@: corroded, studying Fighting
A: permanent stasis, dig shafts and tunnels, antennae 3, four strong arms
a: Dig, Shaft Self


You were on level 4 of the Dungeon.
You visited 1 branch of the dungeon, and saw 4 of its levels.

You collected 227 gold pieces.

Inventory:

Hand Weapons
 a - a +0 war axe (weapon)
 f - a +0 spear
Armour
 b - a +0 scale mail
 c - a +0 buckler (worn)
 j - a +0 pair of boots (worn)
 u - the +7 crystal plate armour "Ipade" (worn) {*Slow rPois rN+ Str+7}
   (You acquired it on level 3 of the Dungeon)

   Str:       It affects your strength (+7).
   rPois:     It protects you from poison.
   rN:        It protects you from negative energy.
   *Slow:     It may slow you when you take damage.
Jewellery
 l - an amulet of regeneration (around neck)
 t - a ring of poison resistance
Scrolls
 e - a scroll of immolation
 g - 2 scrolls of identify
 h - a scroll of poison {unknown}
 p - a scroll of teleportation {unknown}
Potions
 d - 2 potions of might
 i - a potion of heal wounds {unknown}
 k - 2 potions of degeneration
 m - a potion of flight {unknown}
 n - a potion of magic {unknown}
 o - 2 potions of berserk rage
 r - a potion of mutation {unknown}
 s - 2 potions of brilliance {unknown}


   Skills:
 + Level 4.7 Fighting
 + Level 3.2 Axes
 + Level 4.3 Armour
 + Level 5.3 Shields


You had 4 spell levels left.
You didn't know any spells.
Your spell library contained the following spells:

 Spells                   Type           Power      Damage    Failure   Level
 Lesser Beckoning         Tloc           0%         N/A       100%        2
 Momentum Strike          Conj/Tloc      0%         3d8       100%        2
 Scorch                   Fire           0%         2d5       100%        2
 Flame Wave               Conj/Fire      0%         2d4       100%        4
 Summon Cactus Giant      Summ           0%         N/A       100%        6
 Blink                    Tloc           Unusable   N/A       N/A         2

Dungeon Overview and Level Annotations

Branches:
Dungeon (4/15)
 Temple: D:4-7

Altars:
Fedhas
Uskayaw


Innate Abilities, Weirdness & Mutations

You cannot be hasted, slowed, berserked, paralysed or teleported.
You can dig through walls and to a lower floor.
You have a pair of large antennae on your head. (SInv)
Your four strong arms can wield two-handed weapons with a shield.


Message History

The gnoll bouda hits you but does no damage.
You block the gnoll's attack. The gnoll hits you with a +0 flail.
The gnoll hits you but does no damage.
The gnoll bouda hits you with a +0 trident.
The gnoll hits you but does no damage.
You barely miss the gnoll bouda. You hit the gnoll.
You kill the gnoll!
You hit the gnoll but do no damage. You hit the gnoll.
You kill the gnoll!
Your attacks no longer feel as feeble.
The gnoll bouda hits you but does no damage.
You block the gnoll's attack.
You barely miss the gnoll bouda. You slash the gnoll!
The gnoll bouda hits you with a +0 trident!
The gnoll hits you with a +0 spear.
The gnoll bouda hits you with a +0 trident.
The gnoll hits you but does no damage.
You hit the gnoll but do no damage.
The gnoll is severely wounded.
You hit the jelly. The acid corrodes you!
Your hands burn!
You closely miss the gnoll bouda. The jelly barely misses you.
You block the gnoll bouda's attack. The gnoll hits you with a +0 spear.
You hit the jelly.
Your hands burn!
The jelly is heavily wounded.
You hit the gnoll but do no damage. You hit the gnoll bouda.
You block the jelly's attack.
The gnoll bouda hits you with a +0 trident.
The gnoll hits you but does no damage. The jelly barely misses you.
The gnoll bouda hits you with a +0 trident.
* * * LOW HITPOINT WARNING * * *
You slash the jelly!
Your hands burn!
* * * LOW HITPOINT WARNING * * *
The jelly is almost dead.
You hit the gnoll bouda but do no damage.
You hit the gnoll.
You kill the gnoll!
The jelly hits you.
* * * LOW HITPOINT WARNING * * *
You are splashed with acid!
You die...

....#........#.......
....#........#..........
....#........#...... ...
....#........#..... ....
..###........#...# .....
..#......##'##...##.....
..#......#..............
..#......#.....)........
..#......#.....)@g......
..+......#.....)J)......
..#......#..............
..#......#.......##.)[..
###......#.......# .....
.... #........ .... ...#
#......... ... ...+
.......... ... ...#


You could see a gnoll bouda and a jelly.

Vanquished Creatures
  A jelly (D:4)
  4 gnolls (D:4)
  5 adders
  3 worms
  2 orcs (D:3)
  5 endoplasms
  3 giant cockroaches
  4 goblins
  4 hobgoblins
  5 jackals
  2 kobolds (D:1)
  6 quokkas
  6 ball pythons
  5 bats
  3 frilled lizards
  6 rats
64 creatures vanquished.

Notes
Turn   | Place    | Note
-------+----------+-------------------------------------------
     0 | D:1      | Pimp the Formicid Fighter began the quest for the Orb.
     0 | D:1      | Reached XP level 1. HP: 18/18 MP: 1/1
   224 | D:1      | Reached XP level 2. HP: 24/24 MP: 2/2
   440 | D:1      | Reached XP level 3. HP: 29/29 MP: 3/3
   889 | D:2      | Reached XP level 4. HP: 37/37 MP: 4/4
  1415 | D:3      | Identified 2 scrolls of acquirement
  1415 | D:3      | Acquired the +7 crystal plate armour "Ipade" {*Slow rPois
                  | rN+ Str+7}
  1417 | D:3      | Acquired a manual of Fighting
  1615 | D:3      | Found a blossoming altar of Fedhas.
  1615 | D:3      | Found a hide-covered altar of Uskayaw.
  1720 | D:4      | Reached skill level 5 in Shields
  1720 | D:4      | Reached XP level 5. HP: 42/42 MP: 5/5
  1822 | D:4      | Splashed by a jelly's acid

Illustrated notes

Levels and vault maps discovered:
D:1:      denvon_arrival_waterhouse, layout_basic
D:2:      layout_rooms, serial_forest, infiniplex_forest_clump_double,
          infiniplex_forest_straight_4, infiniplex_forest_zigzag_1,
          infiniplex_forest_lined_2, infiniplex_forest_zigzag_1,
          infiniplex_forest_straight_3, minmay_circle_x
D:3:      layout_rooms, gammafunk_temple_overflow_wave, kennysheep_another_room
D:4:      layout_gridville, minmay_shop_damaged

Skill      XL: |  1  2  3  4 |
---------------+-------------+-----
Armour         | 4 |  4.3
Fighting       | 4 |  4.7
Axes           | 3 |  3.2
Shields        | 5 |  5.3

Action                     |  1- 3 |  4- 6 || total
---------------------------+-------+-------++-------
  Melee: War axe           |    67 |    77 ||   144
    Use: Scroll            |       |     8 ||     8
 Armour: Scale mail        |    32 |    16 ||    48
         Crystal plate arm |       |    48 ||    48
  Dodge: Dodged            |    46 |    46 ||    92
  Block: Buckler           |    18 |    40 ||    58

Table legend: (Time is in decaauts)
 A = Elapsed time spent in this place.
 B = Non-inter-level travel time spent in this place.
 C = Inter-level travel time spent in this place.
 D = Time resting spent in this place.
 E = Time spent auto-exploring this place.
 F = Levels seen in this place.
 G = Mean time per level.
                   A        B        C        D        E       F      G
               +--------+--------+--------+--------+--------+-----+--------+
         Total |   1877 |   1827 |     50 |     56 |   1236 |   4 |  469.2 |
       Dungeon |   1877 |   1827 |     50 |     56 |   1236 |   4 |  469.2 |
               +--------+--------+--------+--------+--------+-----+--------+

Top non-repeatable levels by time:
     D:1: 756 daAuts
     D:2: 530 daAuts
     D:3: 435 daAuts
     D:4: 154 daAuts
